 Dungeon Crawl Stone Soup version 0.24.0-123-gd5b16e6ec5 (webtiles) character file.

Game seed: 1901936481137141261, levelgen mode: deterministic

15 FishyPogo the Charmwright (level 2, -6/26 HPs)
             Began as a Gnoll Skald on Jan 30, 2020.
             Mangled by a gnoll
             ... wielding a +0 flail
              (12 damage)
             ... on level 1 of the Dungeon.
             The game lasted 00:00:39 (142 turns).

FishyPogo the Charmwright (Gnoll Skald)              Turns: 142, Time: 00:00:40

Health: -6/26      AC:  3    Str: 13    XL:     2   Next: 50%
Magic:  7/7        EV: 14    Int: 15    God:
Gold:   8          SH:  0    Dex: 14    Spells: 5/10 levels left

rFire    . . .     SeeInvis .   a - +0 falchion
rCold    . . .     Gourm    .   (no shield)
rNeg     . . .     Faith    .   b - +0 leather armour
rPois    .         Spirit   .   (no helmet)
rElec    .         Reflect  .   (no cloak)
rCorr    .         Harm     .   (no gloves)
MR       .....                  (no boots)
Stlth    +.........             (no amulet)
HPRegen  0.08/turn              (no ring)
MPRegen  0.10/turn              (no ring)

@: no status effects
A: distributed training, fangs 1, strong nose
a: no special abilities


You were on level 1 of the Dungeon.
You were not hungry.

You visited 1 branch of the dungeon, and saw 1 of its levels.

You collected 8 gold pieces.

Inventory:

Hand Weapons
 a - a +0 falchion (weapon)
Missiles
 c - 90 stones (quivered)
Armour
 b - a +0 leather armour (worn)
Scrolls
 e - a scroll of identify {unknown}
Comestibles
 d - a ration
 f - 8 chunks of flesh


   Skills:
 + Level 4.5 Fighting
 + Level 0.4 Short Blades
 + Level 4.5 Long Blades
 + Level 0.4 Axes
 + Level 0.4 Maces & Flails
 + Level 0.4 Polearms
 + Level 0.4 Staves
 + Level 0.4 Slings
 + Level 0.4 Bows
 + Level 0.4 Crossbows
 + Level 0.4 Throwing
 + Level 2.5 Armour
 + Level 4.5 Dodging
 + Level 0.4 Stealth
 + Level 0.4 Shields
 + Level 0.4 Unarmed Combat
 + Level 4.9 Spellcasting
 + Level 0.2 Conjurations
 + Level 0.2 Hexes
 + Level 5.3 Charms
 + Level 0.2 Summonings
 + Level 0.2 Necromancy
 + Level 0.2 Translocations
 + Level 0.2 Transmutations
 + Level 0.2 Fire Magic
 + Level 0.2 Ice Magic
 + Level 0.2 Air Magic
 + Level 0.2 Earth Magic
 + Level 0.2 Poison Magic
 + Level 0.5 Invocations
 + Level 0.4 Evocations


You had 5 spell levels left.
You knew the following spells:

 Your Spells              Type           Power        Failure   Level  Hunger
p - Shroud of Golubria    Chrm/Tloc      ##....       10%         2    ##.....
u - Song of Slaying       Chrm           ###.....     3%          2    ##.....
y - Infusion              Chrm           ###.         2%          1    None

Your spell library contained the following spells:

 Spells                   Type           Power        Failure   Level  Hunger
 Regeneration             Chrm/Necr      ##........   21%         3    ###....
 Spectral Weapon          Hex/Chrm       ##......     21%         3    ###....


Dungeon Overview and Level Annotations

Branches:
Dungeon (1/15)

Altars:


Innate Abilities, Weirdness & Mutations

Your experience applies equally to all skills.
You have very sharp teeth.
Your uncanny sense of smell can sniff out nearby items.


Message History

You hit the gnoll.
The gnoll is lightly wounded.
Your shroud bends the gnoll's attack away!
You hit the gnoll. You bite the gnoll.
The gnoll is severely wounded.
Your shroud unravels.
You barely miss the gnoll. Your bite misses the gnoll.
The gnoll is severely wounded.
The gnoll hits you with a +0 flail.
You closely miss the gnoll.
The gnoll is severely wounded.
The gnoll barely misses you.
You hit the gnoll.
The gnoll is almost dead.
The gnoll hits you with a +0 flail!
* * * LOW HITPOINT WARNING * * *
You closely miss the gnoll.
The gnoll is almost dead.
The gnoll hits you with a +0 flail!
You die...

####....# #.......#
#.......# #.......#
#.......# #.......#
#.....g.### ####
#..@..###...
#.#......... ....
#.#..###...# ##..#
#.#..###...#.##..#
#..........#.##..
#.#..........##.# #
#.#..####..####.## .
#.#>...†.÷.......# .
#......##.....)÷.##.


You could see a gnoll.

Vanquished Creatures
  A dart slug (D:1)
  4 goblins (D:1)
  2 hobgoblins (D:1)
  2 jackals (D:1)
  A kobold (D:1)
10 creatures vanquished.

Notes
Turn   | Place    | Note
-------+----------+-------------------------------------------
     0 | D:1      | FishyPogo the Gnoll Skald began the quest for the Orb.
     0 | D:1      | Reached XP level 1. HP: 20/20 MP: 6/6
    51 | D:1      | Reached XP level 2. HP: 19/26 MP: 7/7
    81 | D:1      | Learned a level 2 spell: Song of Slaying
    84 | D:1      | Learned a level 2 spell: Shroud of Golubria
   142 | D:1      | Mangled by a gnoll

Levels and vault maps discovered:
D:1:      dpeg_arrival_morbid_curiosity, layout_basic, minmay_distorted

Action                   || total
-------------------------++-------
Melee: Falchion          ||    34
       Bite              ||     4
 Cast: Shroud of Golubri ||     2
Armor: Leather armour    ||     5
Dodge: Dodged            ||    27
       Rpst.: Falchion   ||    10
